| TOP OF THE 1ST |
|
Idaho Falls Chukars batting - Pitching for Vermont Lake Monsters : RHP Jesse Clark
|
|
Pitching: RHP Jesse Clark
|
|
|
Batting: RHB Jon Shonka
|
0-0: Ball 1-0: Foul Ball, location: 2F 1-1: Ground out 5-3 (Groundball, 56, EV 83.1 MPH)
|
|
Batting: RHB David Rubio
|
0-0: Ball 1-0: SINGLE (Groundball, 56D, EV 96.2 MPH)
|
|
Batting: LHB Jayden Pelayo
|
0-0: Ball 1-0: Foul Ball, location: 2F 1-1: Swinging Strike 1-2: Reached on error, E3 (Groundball, 3, EV 88.8 MPH) David Rubio to second
|
|
Batting: RHB Tim Williams
|
0-0: Called Strike 0-1: Fly out, F8 (Flyball, 8RM, EV 98.1 MPH)
|
|
Batting: RHB Juan Nieves
|
0-0: Ball Wild Pitch! David Rubio to third Jayden Pelayo to second 1-0: Called Strike 1-1: Called Strike 1-2: Foul Ball, location: 2F 1-2: Ball Wild Pitch! David Rubio scores Jayden Pelayo to third 2-2: Strikes out swinging
|
| Top of the 1st over - 1 run, 1 hit, 1 error, 1 left on base; Idaho Falls 1 - Vermont 0 |
| BOTTOM OF THE 1ST |
|
Vermont Lake Monsters batting - Pitching for Idaho Falls Chukars : LHP Edwin Longoria
|
|
Pitching: LHP Edwin Longoria
|
|
|
Batting: RHB Alberto Malagon
|
0-0: Ball 1-0: Swinging Strike 1-1: Ball 2-1: SINGLE (Flyball, 5D, EV 87.5 MPH)
|
|
Batting: SHB Steve Salafia
|
0-0: Fielders Choice at 2nd, 4-6 (Groundball, 4S, EV 83.1 MPH)
|
|
Batting: RHB Ryan Jennings
|
0-0: Ball 1-0: Foul Ball, location: 2F 1-1: Fly out, F7 (Flyball, 78S, EV 78.8 MPH)
|
|
Batting: RHB Tetsuya Shinoda
|
0-0: Ball 1-0: Called Strike 1-1: SINGLE (Groundball, 56S, EV 73.8 MPH) (infield hit) Steve Salafia to second
|
|
Batting: RHB Rusty Prodoehl
|
0-0: Ball 1-0: Ball 2-0: Foul Ball, location: 2F 2-1: Foul Ball, location: 2F 2-2: Foul Ball, location: 2F 2-2: Fly out, F9 (Flyball, 9, EV 79.4 MPH)
|
| Bottom of the 1st over - 0 runs, 2 hits, 0 errors, 2 left on base; Idaho Falls 1 - Vermont 0 |
| TOP OF THE 2ND |
|
Idaho Falls Chukars batting - Pitching for Vermont Lake Monsters : RHP Jesse Clark
|
|
Batting: RHB Masakuni Takeuchi
|
0-0: Ball 1-0: Ball 2-0: Ball 3-0: Called Strike 3-1: Base on Balls
|
|
Batting: RHB Shura Mogilny
|
0-0: Called Strike 0-1: Ball 1-1: Foul Ball, location: 2F 1-2: Ball 2-2: Ball 3-2: Foul Ball, location: 2F 3-2: Strikes out swinging
|
|
Batting: RHB Matt Weddle
|
0-0: Foul Ball, location: 2F 0-1: Fly out, F3 (Popup, 3F, EV 71.2 MPH)
|
|
Batting: RHB Danny Jefferies
|
0-0: Ball 1-0: Ball 2-0: Fly out, F8 (Flyball, 78S, EV 89.4 MPH)
|
| Top of the 2nd over - 0 runs, 0 hits, 0 errors, 1 left on base; Idaho Falls 1 - Vermont 0 |
| BOTTOM OF THE 2ND |
|
Vermont Lake Monsters batting - Pitching for Idaho Falls Chukars : LHP Edwin Longoria
|
|
Batting: SHB Mike Kirk
|
0-0: Ball 1-0: Ball 2-0: SINGLE (Flyball, 8RS, EV 98.8 MPH)
|
|
Batting: RHB Ricardo Claros
|
0-0: Ball 1-0: Called Strike 1-1: Fielders Choice at 2nd, 6-4 (Groundball, 6, EV 105.0 MPH)
|
|
Batting: SHB Matt Sybrant
|
0-0: Called Strike 0-1: Foul Ball, location: 2F 0-2: Foul Ball, location: 2F 0-2: Ball 1-2: Foul Ball, location: 2F 1-2: Ball 2-2: 2-RUN HOME RUN (Flyball, 9D, EV 97.5 MPH), Distance : 361 ft
|
|
Batting: LHB Felipe Gomez
|
0-0: Ball 1-0: Ball 2-0: SINGLE (Groundball, 4M, EV 83.8 MPH) (infield hit)
|
|
Batting: RHB Alberto Malagon
|
0-0: Ball 1-0: Ball 2-0: Grounds into double play, 5-4-3 (Groundball, 56S, EV 79.4 MPH)
|
| Bottom of the 2nd over - 2 runs, 3 hits, 0 errors, 0 left on base; Idaho Falls 1 - Vermont 2 |
| TOP OF THE 3RD |
|
Idaho Falls Chukars batting - Pitching for Vermont Lake Monsters : RHP Jesse Clark
|
|
Batting: RHB Jon Shonka
|
0-0: Swinging Strike 0-1: Ball 1-1: Swinging Strike 1-2: Strikes out swinging
|
|
Batting: RHB David Rubio
|
0-0: Called Strike 0-1: Reached on error, E8 (Line Drive, 8LM, EV 100.6 MPH)
|
|
Batting: LHB Jayden Pelayo
|
0-0: Ball 1-0: Swinging Strike 1-1: Called Strike 1-2: Ball 2-2: Strikes out swinging
|
|
Batting: RHB Tim Williams
|
0-0: Ball 1-0: Called Strike 1-1: Ball Passed Ball! David Rubio to third 2-1: Foul Ball, location: 2F 2-2: Strikes out swinging
|
| Top of the 3rd over - 0 runs, 0 hits, 1 error, 1 left on base; Idaho Falls 1 - Vermont 2 |
| BOTTOM OF THE 3RD |
|
Vermont Lake Monsters batting - Pitching for Idaho Falls Chukars : LHP Edwin Longoria
|
|
Batting: SHB Steve Salafia
|
0-0: Ground out 5-3 (Groundball, 56, EV 96.2 MPH)
|
|
Batting: RHB Ryan Jennings
|
0-0: Ball 1-0: Ball 2-0: Ball 3-0: Swinging Strike 3-1: Foul Ball, location: 2F 3-2: Strikes out swinging
|
|
Batting: RHB Tetsuya Shinoda
|
0-0: SINGLE (Groundball, 56D, EV 104.4 MPH)
|
|
Batting: RHB Rusty Prodoehl
|
0-0: Reached on error, E4 (Groundball, 4S, EV 83.1 MPH) Tetsuya Shinoda to second
|
|
Batting: SHB Mike Kirk
|
0-0: Called Strike 0-1: Swinging Strike 0-2: SINGLE (Groundball, 56, EV 98.1 MPH) Tetsuya Shinoda to third Rusty Prodoehl to second Runner from 3rd tries for Home, SAFE, throw by LF to home
|
|
Batting: RHB Ricardo Claros
|
0-0: Called Strike 0-1: Ball 1-1: Ball 2-1: Foul Ball, location: 2F 2-2: Foul Ball, location: 2F 2-2: Fielders Choice at 2nd, 6-4 (Groundball, 6, EV 84.4 MPH)
|
| Bottom of the 3rd over - 1 run, 2 hits, 1 error, 2 left on base; Idaho Falls 1 - Vermont 3 |
| TOP OF THE 4TH |
|
Idaho Falls Chukars batting - Pitching for Vermont Lake Monsters : RHP Jesse Clark
|
|
Batting: RHB Juan Nieves
|
0-0: Ball 1-0: Ball 2-0: Called Strike 2-1: Swinging Strike 2-2: Foul Ball, location: 2F 2-2: DOUBLE (Flyball, 8LD, EV 95.6 MPH)
|
|
Batting: RHB Masakuni Takeuchi
|
0-0: Ground out 6-3 (Groundball, 6, EV 98.1 MPH)
|
|
Batting: RHB Shura Mogilny
|
0-0: Ground out 6-3 (Groundball, 6, EV 84.4 MPH)
|
|
Batting: RHB Matt Weddle
|
0-0: Foul Ball, location: 2F 0-1: Swinging Strike 0-2: Ball 1-2: Strikes out swinging
|
| Top of the 4th over - 0 runs, 1 hit, 0 errors, 1 left on base; Idaho Falls 1 - Vermont 3 |
| BOTTOM OF THE 4TH |
|
Vermont Lake Monsters batting - Pitching for Idaho Falls Chukars : LHP Edwin Longoria
|
|
Batting: SHB Matt Sybrant
|
0-0: Ball 1-0: Ball 2-0: Ball 3-0: Base on Balls
|
|
Batting: LHB Felipe Gomez
|
0-0: Ball 1-0: Ball 2-0: Ball 3-0: Called Strike 3-1: Base on Balls Matt Sybrant to second
|
|
Batting: RHB Alberto Malagon
|
0-0: Called Strike 0-1: Ball 1-1: Foul Ball, location: 2F 1-2: Fly out, F9 (Flyball, 9, EV 90.0 MPH)
|
|
Batting: SHB Steve Salafia
|
0-0: Called Strike 0-1: Called Strike 0-2: Strikes out swinging
|
|
Batting: RHB Ryan Jennings
|
0-0: Ball 1-0: Called Strike 1-1: Ball 2-1: Ball 3-1: Called Strike 3-2: Foul Ball, location: 2F 3-2: Strikes out swinging
|
| Bottom of the 4th over - 0 runs, 0 hits, 0 errors, 2 left on base; Idaho Falls 1 - Vermont 3 |
| TOP OF THE 5TH |
|
Idaho Falls Chukars batting - Pitching for Vermont Lake Monsters : RHP Jesse Clark
|
|
Batting: RHB Danny Jefferies
|
0-0: Called Strike 0-1: Ball 1-1: Fly out, F8 (Flyball, 8RD, EV 88.1 MPH)
|
|
Batting: RHB Jon Shonka
|
0-0: Ball 1-0: Ball 2-0: Ball 3-0: Called Strike 3-1: Base on Balls
|
|
Batting: RHB David Rubio
|
0-0: Foul Ball, location: 2F 0-1: Called Strike 0-2: Ball Jon Shonka steals 2nd, throwing error, E2 Jon Shonka to third 1-2: Fly out, F9 (Flyball, 89S, EV 92.5 MPH)
|
|
Batting: LHB Jayden Pelayo
|
0-0: Ball 1-0: Called Strike 1-1: Ball 2-1: Fly out, F8 (Flyball, 8LD, EV 80.0 MPH)
|
| Top of the 5th over - 0 runs, 0 hits, 1 error, 1 left on base; Idaho Falls 1 - Vermont 3 |
| BOTTOM OF THE 5TH |
|
Vermont Lake Monsters batting - Pitching for Idaho Falls Chukars : LHP Edwin Longoria
|
|
Pitching: RHP Obiniana Gaters
|
|
|
Batting: RHB Tetsuya Shinoda
|
0-0: Fly out, F7 (Flyball, 7, EV 90.6 MPH)
|
|
Batting: RHB Rusty Prodoehl
|
0-0: Called Strike 0-1: Swinging Strike 0-2: SINGLE (Line Drive, 34D, EV 98.8 MPH)
|
|
Batting: SHB Mike Kirk
|
0-0: Ball 1-0: Fly out, F7 (Line Drive, 7S, EV 86.9 MPH)
|
|
Batting: RHB Ricardo Claros
|
0-0: Ball 1-0: DOUBLE (Line Drive, 89D, EV 103.1 MPH) Rusty Prodoehl to third Runner from 3rd tries for Home, SAFE, throw by RF to home
|
|
Batting: SHB Matt Sybrant
|
0-0: Called Strike 0-1: Ball 1-1: Ball Wild Pitch! Ricardo Claros to third 2-1: Ball 3-1: Base on Balls
|
|
Batting: LHB Felipe Gomez
|
0-0: Called Strike 0-1: Ball 1-1: Foul Ball, location: 2F 1-2: Fly out, F8 (Flyball, 8RM, EV 87.5 MPH)
|
| Bottom of the 5th over - 1 run, 2 hits, 0 errors, 2 left on base; Idaho Falls 1 - Vermont 4 |
| TOP OF THE 6TH |
|
Idaho Falls Chukars batting - Pitching for Vermont Lake Monsters : RHP Jesse Clark
|
|
Batting: RHB Tim Williams
|
0-0: Ball 1-0: Foul Ball, location: 2F 1-1: Ball 2-1: Ball 3-1: Foul Ball, location: 2F 3-2: Fly out, F7 (Flyball, 78D, EV 88.1 MPH)
|
|
Batting: RHB Juan Nieves
|
0-0: Called Strike 0-1: Foul Ball, location: 2F 0-2: Ground out 6-3 (Groundball, 6, EV 103.8 MPH)
|
|
Batting: RHB Masakuni Takeuchi
|
0-0: Ball 1-0: Called Strike 1-1: Ball 2-1: Ball 3-1: Base on Balls
|
|
Batting: RHB Shura Mogilny
|
0-0: Foul Ball, location: 2F 0-1: SINGLE (Line Drive, 7S, EV 95.6 MPH) Masakuni Takeuchi to second
|
|
Pitching: LHP Steve Lima
|
|
|
Batting: RHB Matt Weddle
|
0-0: Called Strike 0-1: Ball 1-1: Ball 2-1: Fly out, F8 (Flyball, 8LD, EV 103.1 MPH)
|
| Top of the 6th over - 0 runs, 1 hit, 0 errors, 2 left on base; Idaho Falls 1 - Vermont 4 |
| BOTTOM OF THE 6TH |
|
Vermont Lake Monsters batting - Pitching for Idaho Falls Chukars : RHP Obiniana Gaters
|
|
Batting: RHB Alberto Malagon
|
0-0: Called Strike 0-1: Foul Ball, location: 2F 0-2: Strikes out looking
|
|
Batting: SHB Steve Salafia
|
0-0: Ball 1-0: Ball 2-0: Ball 3-0: Called Strike 3-1: Foul Ball, location: 2F 3-2: SINGLE (Groundball, 4D, EV 100.0 MPH)
|
|
Pitching: RHP Reginald Larnach
|
|
|
Batting: RHB Ryan Jennings
|
0-0: Ball 1-0: Swinging Strike Passed Ball! Steve Salafia to second 1-1: Ball 2-1: Ground out U3 (Groundball, 34, EV 107.5 MPH) Steve Salafia to third
|
|
Batting: RHB Tetsuya Shinoda
|
0-0: Ball 1-0: Swinging Strike 1-1: Fly out, F8 (Flyball, 8LM, EV 86.9 MPH)
|
| Bottom of the 6th over - 0 runs, 1 hit, 0 errors, 1 left on base; Idaho Falls 1 - Vermont 4 |
| TOP OF THE 7TH |
|
Idaho Falls Chukars batting - Pitching for Vermont Lake Monsters : LHP Steve Lima
|
|
Batting: RHB Danny Jefferies
|
0-0: Foul Ball, location: 2F 0-1: Foul Ball, location: 2F 0-2: Strikes out swinging
|
|
Batting: RHB Jon Shonka
|
0-0: Ball 1-0: Ground out 5-3 (Groundball, 56S, EV 62.5 MPH)
|
|
Batting: RHB David Rubio
|
0-0: Ball 1-0: Called Strike 1-1: Foul Ball, location: 2F 1-2: Strikes out swinging
|
| Top of the 7th over - 0 runs, 0 hits, 0 errors, 0 left on base; Idaho Falls 1 - Vermont 4 |
| BOTTOM OF THE 7TH |
|
Vermont Lake Monsters batting - Pitching for Idaho Falls Chukars : RHP Reginald Larnach
|
|
Batting: RHB Rusty Prodoehl
|
0-0: Called Strike 0-1: DOUBLE (Groundball, 5L, EV 104.4 MPH)
|
|
Batting: SHB Mike Kirk
|
0-0: Ball 1-0: Ball 2-0: Called Strike 2-1: Ball 3-1: Base on Balls
|
|
Batting: RHB Ricardo Claros
|
0-0: Called Strike 0-1: 3-RUN HOME RUN (Flyball, 78XD, EV 110.6 MPH), Distance : 428 ft
|
|
Pitching: RHP Chance Griffin
|
|
|
Batting: SHB Matt Sybrant
|
0-0: Ball 1-0: Ground out U3 (Groundball, 3S, EV 85.0 MPH)
|
|
Batting: LHB Felipe Gomez
|
0-0: Ball 1-0: Foul Ball, location: 2F 1-1: Called Strike 1-2: Strikes out swinging
|
|
Batting: RHB Alberto Malagon
|
0-0: Ball 1-0: Called Strike 1-1: Swinging Strike 1-2: Ball 2-2: Strikes out swinging
|
| Bottom of the 7th over - 3 runs, 2 hits, 0 errors, 0 left on base; Idaho Falls 1 - Vermont 7 |
| TOP OF THE 8TH |
|
Idaho Falls Chukars batting - Pitching for Vermont Lake Monsters : LHP Steve Lima
|
|
Batting: LHB Jayden Pelayo
|
0-0: Ball 1-0: Foul Ball, location: 2F 1-1: Swinging Strike 1-2: Strikes out looking
|
|
Batting: RHB Tim Williams
|
0-0: Foul Ball, location: 2F 0-1: Ground out 6-3 (Groundball, 6, EV 106.2 MPH)
|
|
Batting: RHB Juan Nieves
|
0-0: SINGLE (Line Drive, 4D, EV 103.1 MPH)
|
|
Batting: RHB Masakuni Takeuchi
|
0-0: Ball 1-0: Called Strike 1-1: Ball 2-1: Foul Ball, location: 2F 2-2: Foul Ball, location: 2F 2-2: Strikes out swinging
|
| Top of the 8th over - 0 runs, 1 hit, 0 errors, 1 left on base; Idaho Falls 1 - Vermont 7 |
| BOTTOM OF THE 8TH |
|
Vermont Lake Monsters batting - Pitching for Idaho Falls Chukars : RHP Chance Griffin
|
|
Batting: SHB Steve Salafia
|
0-0: Ball 1-0: Foul Ball, location: 2F 1-1: Called Strike 1-2: Fly out, F8 (Flyball, 8LM, EV 83.1 MPH)
|
|
Batting: RHB Ryan Jennings
|
0-0: Ball 1-0: Called Strike 1-1: Ground out 5-3 (Groundball, 56, EV 102.5 MPH)
|
|
Batting: RHB Tetsuya Shinoda
|
0-0: Ball 1-0: Ground out U3 (Groundball, 34S, EV 90.6 MPH)
|
| Bottom of the 8th over - 0 runs, 0 hits, 0 errors, 0 left on base; Idaho Falls 1 - Vermont 7 |
| TOP OF THE 9TH |
|
Idaho Falls Chukars batting - Pitching for Vermont Lake Monsters : LHP Steve Lima
|
|
Batting: RHB Shura Mogilny
|
0-0: Called Strike 0-1: Ball 1-1: Ball 2-1: Foul Ball, location: 2F 2-2: Ground out 5-3 (Groundball, 56, EV 109.4 MPH)
|
|
Pinch Hitting: LHB Vicente Hernandez
|
0-0: Ball 1-0: Called Strike 1-1: Swinging Strike 1-2: Ball 2-2: Fly out, F9 (Flyball, 9, EV 88.1 MPH)
|
|
Pinch Hitting: RHB Bill Cranton
|
0-0: Ball 1-0: Foul Ball, location: 2F 1-1: Called Strike 1-2: Fly out, F8 (Flyball, 8RM, EV 81.2 MPH)
|
| Top of the 9th over - 0 runs, 0 hits, 0 errors, 0 left on base; Idaho Falls 1 - Vermont 7 |
|